[Event "Titled Tuesday Blitz March 08 Late 2022"]
[White "Sjugirov, Sanan"]
[Black "Petrovic, Aleksa"]
[WhiteFideId "4189302"]
[BlackFideId "967629"]
[WhiteElo "2602"]
[BlackElo "2245"]
[Result "0-1"]
[Round "01"]
[TimeControl "180+1"]
[Date "2022.03.08"]
[WhiteClock "0:00:08"]
[BlackClock "0:00:07"]

1. e4 e5 2. Nf3 Nc6 3. Bb5 a6 4. Ba4 Nf6 5. O-O b5 6. Bb3 Bc5 7. a4 Rb8 8. c3 d6 9. d4 Bb6 10. a5 Ba7 11. Be3 Ra8 12. dxe5 Nxe5 13. Nxe5 dxe5 14. Qxd8+ Kxd8 15. Bxa7 Rxa7 16. Bxf7 Nxe4 17. Ba2 Bf5 18. Re1 Re8 19. Na3 c6 20. Rad1+ Rd7 21. Bb1 Rxd1 22. Rxd1+ Kc7 23. Nc2 Nc5 24. Nb4 Bxb1 25. Rxb1 Rd8 26. Kf1 Kb7 27. Re1 e4 28. f3 exf3 29. gxf3 Rd7 30. Re3 Nb3 31. Nd3 Kc7 32. Ke2 Nxa5 33. Nc5 Rf7 34. Re8 Nc4 35. b3 Nb6 36. Nxa6+ Kd7 37. Rb8 Nd5 38. Nc5+ Kd6 39. Ne4+ Ke5 40. Re8+ Kf4 41. Re6 b4 42. c4 Nc3+ 43. Nxc3 bxc3 44. Kd3 Rf6 45. Rxf6+ gxf6 46. Kxc3 Kxf3 47. b4 Ke4 48. b5 cxb5 49. cxb5 Kd5 50. Kd3 Kc5 51. Ke4 Kxb5 52. Kf5 Kc6 53. Kxf6 Kd6 54. h4 h5 55. Kf7 Ke5 56. Kg6 Ke6 57. Kg7 Kf5 58. Kf7 Kg4 59. Ke6 Kxh4 60. Ke5 Kg3 61. Ke4 h4 62. Ke3 h3 0-1


[Site "https://www.chess.com"]

[Event "Titled Tuesday Blitz March 08 Late 2022"]
[White "Stoleriu, George"]
[Black "Lopez Del Alamo, Antonio"]
[WhiteFideId "1227505"]
[BlackFideId "2227339"]
[WhiteElo "2203"]
[BlackElo "2082"]
[Result "1-0"]
[Round "01"]
[TimeControl "180+1"]
[Date "2022.03.09"]
[WhiteClock "0:01:07"]
[BlackClock "0:01:22"]

1. e4 c5 2. Nf3 e6 3. b3 Nc6 4. Bb2 d6 5. Bb5 Bd7 6. O-O Nf6 7. Re1 Be7 8. d4 cxd4 9. Nxd4 Nxd4 10. Bxd7+ Qxd7 11. Qxd4 O-O 12. c4 a6 13. Nc3 Rfc8 14. Rad1 Qc6 15. Na4 b5 16. Nb6 e5 17. Nxc8 Rxc8 18. cxb5 axb5 19. Qd3 Ra8 20. a3 Nd7 21. Rc1 Nc5 22. Qc2 Qb7 23. Rcd1 b4 24. a4 Bf8 25. Bc1 Qd7 26. Be3 Qe6 27. Bxc5 dxc5 28. Rd5 f6 29. Qc4 Kh8 30. Rxc5 Qg4 31. Rc7 Rd8 32. h3 Qh4 33. Rc8 Rxc8 34. Qxc8 Kg8 35. Qe6+ Kh8 36. Qf7 h6 37. Qxf8+ Kh7 38. Qc8 1-0


[Site "https://www.chess.com"]

[Event "Titled Tuesday Blitz March 08 Late 2022"]
[White "Suarez Uriel, Adrian"]
[Black "Jones, Gawain C B"]
[WhiteFideId "22230874"]
[BlackFideId "409561"]
[WhiteElo "2316"]
[BlackElo "2657"]
[Result "0-1"]
[Round "01"]
[TimeControl "180+1"]
[Date "2022.03.08"]
[WhiteClock "0:00:03"]
[BlackClock "0:00:12"]

1. e4 c5 2. Ne2 Nf6 3. Nbc3 g6 4. d4 cxd4 5. Nxd4 d6 6. Be3 Nc6 7. f3 Bg7 8. Qd2 O-O 9. O-O-O d5 10. exd5 Nxd5 11. Nxc6 bxc6 12. Bd4 Bxd4 13. Qxd4 Qb6 14. Nxd5 cxd5 15. Qxb6 axb6 16. Rxd5 Be6 17. Rd1 Rxa2 18. Bd3 Kg7 19. Rhe1 h5 20. h4 Rd8 21. Kb1 Rda8 22. Kc1 Kf6 23. Re4 Rd8 24. Rb4 Rd6 25. Kb1 Ra5 26. Re1 g5 27. g3 gxh4 28. Rxh4 Ba2+ 29. Kc1 e6 30. Reh1 Bd5 31. Rxh5 Bxf3 32. Rxa5 Bxh1 33. Rh5 Bf3 34. Rh4 Kg5 35. Rf4 Bh5 36. Kd2 f5 37. Ke3 Bg6 38. Rd4 Rc6 39. b4 e5 40. Rd5 Re6 41. c4 Kg4 42. c5 bxc5 43. bxc5 Kxg3 44. Rd6 f4+ 45. Kd2 Bf7 46. Bc4 Re7 47. Bxf7 Rxf7 48. c6 f3 49. Rd7 Rf8 50. c7 f2 51. Rg7+ Kf3 0-1


[Site "https://www.chess.com"]

[Event "Titled Tuesday Blitz March 08 Late 2022"]
[White "Suder, Jakub"]
[Black "Hartikainen, Jarmo"]
[WhiteFideId "1195310"]
[BlackFideId "503134"]
[WhiteElo "2058"]
[BlackElo "2111"]
[Result "1-0"]
[Round "01"]
[TimeControl "180+1"]
[Date "2022.03.09"]
[WhiteClock "0:01:51"]
[BlackClock "0:00:17"]

1. d4 Nf6 2. c4 g6 3. Nc3 d5 4. cxd5 Nxd5 5. e4 Nxc3 6. bxc3 Bg7 7. Bc4 O-O 8. Ne2 c5 9. Be3 cxd4 10. cxd4 Nc6 11. h4 h5 12. Rc1 Bd7 13. Nf4 a6 14. Nxg6 b5 15. Nxf8 Kxf8 16. Bb3 Qa5+ 17. Kf1 Rd8 18. Qxh5 e6 19. d5 b4 20. g4 Nd4 21. Bxd4 Bxd4 22. dxe6 Qxh5 23. gxh5 Bb5+ 24. Bc4 Rc8 25. Kg2 Bxc4 26. Rhd1 Be5 27. Rd7 Bxe6 28. Rxc8+ Kg7 29. Rdd8 Bxc8 30. Rxc8 a5 31. Ra8 Kh6 32. Rxa5 f6 33. Kf1 Kxh5 34. f4 Kxh4 35. fxe5 1-0


[Site "https://www.chess.com"]

[Event "Titled Tuesday Blitz March 08 Late 2022"]
[White "Svane, Rasmus"]
[Black "Urbina Perez, Juan Antonio"]
[WhiteFideId "4657101"]
[BlackFideId "2217368"]
[WhiteElo "2645"]
[BlackElo "2192"]
[Result "1-0"]
[Round "01"]
[TimeControl "180+1"]
[Date "2022.03.08"]
[WhiteClock "0:01:04"]
[BlackClock "0:00:33"]

1. Nf3 d5 2. g3 Nf6 3. Bg2 Bf5 4. O-O e6 5. c4 c6 6. Qb3 Qb6 7. d3 h6 8. cxd5 exd5 9. Qc2 Be7 10. Nc3 O-O 11. e4 dxe4 12. dxe4 Bh7 13. Be3 Qc7 14. Rad1 Re8 15. Nd4 Nbd7 16. Rfe1 a6 17. h3 Rad8 18. a3 c5 19. Nf5 Bxf5 20. exf5 b5 21. Bf4 Qb6 22. Nd5 Nxd5 23. Rxd5 Nf6 24. Rxd8 Bxd8 25. Rxe8+ Nxe8 26. Be3 Be7 27. b4 Qf6 28. bxc5 Qa1+ 29. Kh2 Qxa3 30. Qe4 Kf8 31. Qa8 Qd3 32. c6 Bd6 33. f6 gxf6 34. Bxh6+ Ke7 35. Qxa6 Nc7 36. Qc8 f5 37. Bg5+ f6 38. Qd7+ Kf8 39. Bh6+ 1-0


[Site "https://www.chess.com"]

[Event "Titled Tuesday Blitz March 08 Late 2022"]
[White "Szpar, Milosz"]
[Black "Mikhalsky, Vladimir"]
[WhiteFideId "1184989"]
[BlackFideId "14144352"]
[WhiteElo "2736"]
[BlackElo "2418"]
[Result "1-0"]
[Round "01"]
[TimeControl "180+1"]
[Date "2022.03.09"]
[WhiteClock "0:00:19"]
[BlackClock "0:00:14"]

1. e4 g6 2. d4 Bg7 3. Nf3 d6 4. Bc4 a6 5. O-O e6 6. Re1 Ne7 7. Nbd2 b6 8. c3 Bb7 9. Nf1 Nd7 10. Ng3 h6 11. Bf4 b5 12. Bb3 Nb6 13. Qe2 Nc6 14. d5 exd5 15. exd5+ Ne7 16. Rad1 Kf8 17. Bc1 Bxd5 18. h4 Bc4 19. Bxc4 Nxc4 20. b3 Nb6 21. h5 Qd7 22. hxg6 Nxg6 23. Nh5 Qf5 24. Nd4 Bxd4 25. Rxd4 Nd7 26. g4 Qc5 27. Qf3 Nde5 28. Qxa8+ Ke7 29. Qf3 Kd7 30. Qf5+ Kc6 31. Be3 Kb6 32. Re4 1-0


[Site "https://www.chess.com"]

[Event "Titled Tuesday Blitz March 08 Late 2022"]
[White "Tari, Aryan"]
[Black "Przybylski, Wojciech"]
[WhiteFideId "1510045"]
[BlackFideId "1117599"]
[WhiteElo "2567"]
[BlackElo "2133"]
[Result "1-0"]
[Round "01"]
[TimeControl "180+1"]
[Date "2022.03.08"]
[WhiteClock "0:01:26"]
[BlackClock "0:00:07"]

1. g3 d5 2. f4 c5 3. Bg2 Nc6 4. Nf3 Nf6 5. O-O Bg4 6. Ne5 Bf5 7. c4 e6 8. d3 Bd6 9. Nxc6 bxc6 10. Nc3 O-O 11. e4 Bg4 12. Bf3 Bh3 13. e5 Bxf1 14. Qxf1 Rb8 15. exd6 Qxd6 16. Qf2 Rfe8 17. Na4 Nd7 18. Be3 d4 19. Bd2 e5 20. fxe5 Nxe5 21. Be4 g6 22. Bf4 f5 23. Bg2 Qf6 24. Nxc5 Rbd8 25. h3 a5 26. a3 g5 27. Bxe5 Rxe5 28. b4 Re3 29. Rf1 axb4 30. axb4 h6 31. Kh2 Qe5 32. Qxf5 Qxg3+ 33. Kh1 Qc7 34. Ne6 1-0


[Site "https://www.chess.com"]

[Event "Titled Tuesday Blitz March 08 Late 2022"]
[White "Thavandiran, Shiyam"]
[Black "Derige Kane, Yan"]
[WhiteFideId "2605058"]
[BlackFideId "20665431"]
[WhiteElo "2357"]
[BlackElo "2169"]
[Result "1-0"]
[Round "01"]
[TimeControl "180+1"]
[Date "2022.03.08"]
[WhiteClock "0:00:39"]
[BlackClock "0:00:35"]

1. e4 c6 2. d4 d5 3. Nd2 dxe4 4. Nxe4 Nf6 5. Nxf6+ exf6 6. c3 Bd6 7. Bd3 O-O 8. Qc2 h5 9. Ne2 Re8 10. O-O Nd7 11. Ng3 h4 12. Nf5 Nf8 13. Nxh4 Qc7 14. h3 Be6 15. c4 Rad8 16. Nf3 Bf4 17. Re1 Bc8 18. Be3 Bxe3 19. Rxe3 Rxe3 20. fxe3 Ne6 21. b4 Ng5 22. Nxg5 fxg5 23. Qf2 Re8 24. Rf1 f6 25. Qf3 Qe7 26. Re1 Qxb4 27. Re2 g4 28. hxg4 Qc3 29. Bg6 Qc1+ 30. Kh2 Rd8 31. g5 Qxc4 32. gxf6 Qe6 33. f7+ Kf8 34. Qh5 Qg4 35. Qh8+ Ke7 36. Qxd8+ Kxd8 37. f8=Q+ 1-0


[Site "https://www.chess.com"]

[Event "Titled Tuesday Blitz March 08 Late 2022"]
[White "Toncheva, Nadya"]
[Black "Mikhailov, Viacheslav"]
[WhiteFideId "2924056"]
[BlackFideId "4187369"]
[WhiteElo "2394"]
[BlackElo "2708"]
[Result "0-1"]
[Round "01"]
[TimeControl "180+1"]
[Date "2022.03.09"]
[WhiteClock "0:00:02"]
[BlackClock "0:00:03"]

1. e4 d6 2. d4 Nf6 3. Nc3 g6 4. Nf3 Bg7 5. Bc4 O-O 6. O-O Bg4 7. h3 Bxf3 8. Qxf3 Nc6 9. Be3 e5 10. Rad1 exd4 11. Bxd4 Nxd4 12. Rxd4 Qe7 13. Re1 c6 14. Rdd1 Rad8 15. Qg3 Rfe8 16. f4 Nh5 17. Qf3 Bxc3 18. Qxc3 Nxf4 19. Rf1 Qxe4 20. Bxf7+ Kxf7 21. Rxf4+ Qxf4 22. Rf1 Qxf1+ 23. Kxf1 Re7 24. Qd4 a6 25. a4 Ke8 26. Kg1 Kd7 27. b4 Rde8 28. Qb6 Ke6 29. b5 axb5 30. axb5 cxb5 31. Qxb5 Rc8 32. Kh2 Rc6 33. Qb3+ d5 34. Qd3 Kd6 35. Qg3+ Kd7 36. Qd3 Rc5 37. c4 Re5 38. Qd4 Kd6 39. cxd5 b5 40. Qh4 Rcxd5 41. Qxh7 Re6 42. Qb7 Ke5 43. h4 Red6 44. Kh3 Kd4 45. g3 Kc4 46. g4 b4 47. h5 g5 48. h6 Rxh6+ 49. Kg3 Rhd6 50. Qc8+ Kb3 51. Qb7 Rd3+ 52. Kf2 R6d4 53. Ke2 Kb2 54. Qg7 b3 55. Qa7 Kb1 56. Qa3 b2 57. Qa5 Rd2+ 58. Ke1 R4d3 59. Qa6 Kc1 60. Qc6+ Rc2 61. Qe4 Rd1# 0-1


[Site "https://www.chess.com"]

[Event "Titled Tuesday Blitz March 08 Late 2022"]
[White "Tristan, Leonardo"]
[Black "Koellner, Ruben Gideon"]
[WhiteFideId "113816"]
[BlackFideId "12993093"]
[WhiteElo "2705"]
[BlackElo "2388"]
[Result "1-0"]
[Round "01"]
[TimeControl "180+1"]
[Date "2022.03.09"]
[WhiteClock "0:00:12"]
[BlackClock "0:00:28"]

1. e4 d6 2. d4 Nf6 3. Nc3 e5 4. Nf3 Nbd7 5. Bc4 Be7 6. O-O c6 7. a4 h6 8. Re1 Qc7 9. Ba2 Nf8 10. a5 Ng6 11. a6 b5 12. d5 b4 13. Nb1 c5 14. Bc4 Rb8 15. c3 O-O 16. cxb4 Rxb4 17. b3 Nd7 18. Bd2 Rb8 19. Ba5 Nb6 20. Nc3 f5 21. exf5 Rxf5 22. Nd2 Nf4 23. Nde4 Kh8 24. g3 Nh3+ 25. Kg2 Ng5 26. h4 Nxe4 27. Nxe4 Rf8 28. Qd2 Qd7 29. Bf1 Qg4 30. Kh2 Bf5 31. Bg2 Qg6 32. Qd1 Nd7 33. h5 Qf7 34. Bc7 Bxe4 35. Rxe4 Rbc8 36. Ba5 Qxf2 37. Qe2 Qf5 38. Bh3 Qf2+ 39. Qxf2 Rxf2+ 40. Kg1 Rf3 41. Bxd7 Rb8 42. b4 cxb4 43. Rxb4 Rxb4 44. Bxb4 Rxg3+ 45. Kf2 Rb3 46. Bd2 Rb2 47. Ke1 e4 48. Be3 Bf6 49. Ra3 Rc2 50. Bxa7 Rc7 51. Bb6 Rxd7 52. a7 Rxa7 53. Rxa7 Be5 54. Rd7 Kg8 55. Bc7 Kh7 56. Bxd6 Bxd6 57. Rxd6 Kg8 58. Rd7 Kf8 59. d6 Ke8 60. Re7+ Kd8 61. Rxg7 e3 62. Ke2 Kc8 63. Kxe3 Kd8 64. Re7 Kc8 65. Ke4 Kd8 66. Kd5 Kc8 67. Kc6 Kd8 68. Re6 Kc8 69. Re8# 1-0


[Site "https://www.chess.com"]

[Event "Titled Tuesday Blitz March 08 Late 2022"]
[White "Tymrakiewicz, Rafal"]
[Black "Keymer, Vincent"]
[WhiteFideId "1108832"]
[BlackFideId "12940690"]
[WhiteElo "2205"]
[BlackElo "2557"]
[Result "0-1"]
[Round "01"]
[TimeControl "180+1"]
[Date "2022.03.08"]
[WhiteClock "0:00:03"]
[BlackClock "0:01:28"]

1. d4 Nf6 2. Bg5 d5 3. e3 c5 4. c3 Ne4 5. Bf4 Bf5 6. Nf3 Nc6 7. Qb3 Qb6 8. Nbd2 c4 9. Qxb6 axb6 10. a3 e6 11. Nxe4 Bxe4 12. Nd2 Bg6 13. e4 Kd7 14. Be2 Bd6 15. Bxd6 Kxd6 16. O-O b5 17. e5+ Kd7 18. f4 h5 19. g3 Ra7 20. Rae1 b4 21. axb4 Ra2 22. Rf2 Rxb2 23. Nf1 Ra8 24. Rc1 Raa2 25. Re1 Bd3 26. Bxd3 Rxf2 27. Bh7 g6 28. h3 Rfc2 29. Re3 Rc1 30. g4 hxg4 31. hxg4 Raa1 32. Rf3 Ra3 33. f5 gxf5 34. gxf5 Raxc3 35. fxe6+ fxe6 36. Rf7+ Kc8 37. Bg8 Nxd4 38. Rg7 Rf3 39. Kg2 Rfxf1 0-1


[Site "https://www.chess.com"]

[Event "Titled Tuesday Blitz March 08 Late 2022"]
[White "Uddin, Mubassar"]
[Black "Goltsev, Dmitry"]
[WhiteFideId "2093944"]
[BlackFideId "24176710"]
[WhiteElo "2303"]
[BlackElo "2273"]
[Result "0-1"]
[Round "01"]
[TimeControl "180+1"]
[Date "2022.03.09"]
[WhiteClock "0:01:42"]
[BlackClock "0:02:52"]

1. d4 Nf6 2. c4 e6 3. Nc3 Bb4 4. e3 Qe7 5. Nf3 b6 6. Bd3 Bb7 7. Qc2 O-O 8. O-O Bxc3 9. bxc3 Bxf3 10. gxf3 d6 11. e4 Nbd7 12. Bg5 e5 13. Rae1 h6 14. Bh4 g5 15. Bg3 Nh5 16. a4 Rfe8 17. a5 Nf8 18. Qa4 Ng6 19. Qc6 Nhf4 20. Bb1 Qe6 21. Kh1 Nh4 22. Bxh4 Qh3 23. Rg1 Qxf3+ 0-1


[Site "https://www.chess.com"]

[Event "Titled Tuesday Blitz March 08 Late 2022"]
[White "Van Foreest, Jorden"]
[Black "Kovanova, Baira"]
[WhiteFideId "1039784"]
[BlackFideId "4164083"]
[WhiteElo "2609"]
[BlackElo "2190"]
[Result "1-0"]
[Round "01"]
[TimeControl "180+1"]
[Date "2022.03.08"]
[WhiteClock "0:01:19"]
[BlackClock "0:00:08"]

1. Nf3 Nf6 2. g3 d5 3. Bg2 c5 4. O-O Nc6 5. d4 cxd4 6. Nxd4 Bd7 7. c4 dxc4 8. Nxc6 Bxc6 9. Bxc6+ bxc6 10. Qa4 Qb6 11. Qxc4 e6 12. Be3 Qb5 13. Rc1 Bd6 14. Qxc6+ Qxc6 15. Rxc6 Kd7 16. Ra6 Rhb8 17. Nc3 Ke7 18. Rd1 Be5 19. Bc5+ Ke8 20. Ba3 Rb7 21. Na4 Rc8 22. Nc5 Rb5 23. Nd3 Bd4 24. b3 Bb6 25. Bb2 Rd8 26. Bxf6 gxf6 27. Ra4 Rc5 28. Rc4 Rxc4 29. bxc4 e5 30. Rc1 e4 31. Nf4 Rd2 32. a3 Bc5 33. e3 Bxa3 34. Ra1 Bc5 35. Nd5 f5 36. Ra5 Bb6 37. Nxb6 axb6 38. Rxf5 Rc2 39. Re5+ Kf8 40. Rxe4 1-0


[Site "https://www.chess.com"]

[Event "Titled Tuesday Blitz March 08 Late 2022"]
[White "Vargas, Gabriela"]
[Black "Tanenbaum, Zachary"]
[WhiteFideId "3700860"]
[BlackFideId "2060850"]
[WhiteElo "2387"]
[BlackElo "2704"]
[Result "1/2-1/2"]
[Round "01"]
[TimeControl "180+1"]
[Date "2022.03.09"]
[WhiteClock "0:01:24"]
[BlackClock "0:00:03"]

1. d4 d5 2. Nf3 Bf5 3. Bg5 c5 4. c3 Nc6 5. e3 Qb6 6. Qb3 c4 7. Qxb6 axb6 8. Nbd2 b5 9. Nh4 Bd7 10. Nhf3 b4 11. e4 e6 12. Be2 Be7 13. Bxe7 Ngxe7 14. O-O O-O 15. cxb4 Nxb4 16. a3 Nbc6 17. exd5 exd5 18. Nb1 Nf5 19. Rd1 Rfe8 20. Bf1 b5 21. Nc3 Nce7 22. Ne5 Red8 23. Nxd7 Rxd7 24. Nxb5 Rb8 25. a4 Nd6 26. b3 cxb3 27. Rab1 Nc6 28. Rxb3 Na5 29. Re3 Ndc4 30. Ree1 Nb2 31. Rb1 Nxa4 32. Ra1 Nc4 33. Rxa4 g6 34. Nc3 Nb2 35. Ra5 Rb4 36. Rxd5 Rxd5 37. Nxd5 Rxd4 38. Ne3 Kg7 39. g3 Na4 40. Kg2 Nc3 41. Rc1 Ne4 42. Rc4 Rxc4 43. Nxc4 Nf6 44. f4 h5 45. h3 Nd5 46. Kf3 Nf6 47. Bd3 Nd5 48. Ne3 Nxe3 49. Kxe3 Kf6 50. h4 Ke6 51. Ke4 Kf6 52. Bc4 Ke7 53. Ke5 f6+ 54. Kd5 Kf7 55. Kd6+ Kg7 56. Ke7 g5 57. Be6 Kg6 58. Bf7+ Kf5 59. fxg5 fxg5 60. Bxh5 gxh4 61. g4+ Kg5 62. Bf7 Kxg4 63. Kf6 Kf4 64. Be6 Kg3 65. Kg5 h3 66. Bxh3 1/2-1/2


[Site "https://www.chess.com"]

[Event "Titled Tuesday Blitz March 08 Late 2022"]
[White "Vargas Pereda, Jesus Manue"]
[Black "Riehle, Marco"]
[WhiteFideId "5115710"]
[BlackFideId "12904392"]
[WhiteElo "1780"]
[BlackElo "2462"]
[Result "0-1"]
[Round "01"]
[TimeControl "180+1"]
[Date "2022.03.09"]
[WhiteClock "0:00:39"]
[BlackClock "0:01:28"]

1. d4 d5 2. Bf4 h5 3. Nf3 e6 4. h3 Bd6 5. Bxd6 Qxd6 6. e3 Nf6 7. Bd3 Nbd7 8. Nbd2 e5 9. dxe5 Nxe5 10. Nxe5 Qxe5 11. c3 c5 12. Nf3 Qd6 13. Qe2 Bd7 14. O-O O-O-O 15. c4 Bc6 16. Rfd1 Rhe8 17. cxd5 Nxd5 18. a3 Kb8 19. Qc2 b6 20. Rab1 Qf6 21. e4 Nf4 22. b4 cxb4 23. axb4 Bb7 24. b5 Nxh3+ 25. Kf1 Nf4 26. e5 Rxe5 27. Nxe5 Bxg2+ 28. Kg1 Qxe5 29. Re1 Qg5 30. Kh2 Qh4+ 0-1


[Site "https://www.chess.com"]

[Event "Titled Tuesday Blitz March 08 Late 2022"]
[White "Vifleemskaia, Svetlana"]
[Black "Fishbein, Alexander"]
[WhiteFideId "4129490"]
[BlackFideId "2000377"]
[WhiteElo "2332"]
[BlackElo "2634"]
[Result "0-1"]
[Round "01"]
[TimeControl "180+1"]
[Date "2022.03.09"]
[WhiteClock "0:00:01"]
[BlackClock "0:00:26"]

1. d4 Nf6 2. c4 g6 3. Nc3 Bg7 4. e4 O-O 5. Nge2 d6 6. Ng3 a6 7. a4 Nc6 8. d5 Nb4 9. a5 c5 10. Be2 e6 11. O-O exd5 12. cxd5 Re8 13. Be3 h5 14. Bg5 Qc7 15. Qd2 Nh7 16. Bh6 h4 17. Bxg7 Kxg7 18. Nh1 h3 19. g3 Nf6 20. f3 b5 21. axb6 Qxb6 22. Bc4 Bd7 23. Nf2 Bb5 24. b3 Nd7 25. Nxh3 Bxc4 26. bxc4 Ne5 27. Na4 Qc7 28. Qc3 f6 29. f4 Ng4 30. Ng5 Kg8 31. Ne6 Qh7 32. h4 Re7 33. Qf3 f5 34. e5 dxe5 35. d6 e4 36. Qd1 Rxe6 37. Nxc5 Ree8 38. d7 Red8 39. Qd6 Qf7 40. Rad1 Nd3 41. Nxd3 exd3 42. Rxd3 Nf6 43. Rfd1 Rxd7 44. Qc6 Rad8 0-1


[Site "https://www.chess.com"]

[Event "Titled Tuesday Blitz March 08 Late 2022"]
[White "Warakomska, Anna"]
[Black "Li, Ben"]
[WhiteFideId "1130790"]
[BlackFideId "2089980"]
[WhiteElo "2421"]
[BlackElo "2745"]
[Result "0-1"]
[Round "01"]
[TimeControl "180+1"]
[Date "2022.03.09"]
[WhiteClock "0:00:52"]
[BlackClock "0:01:40"]

1. e4 e5 2. Nf3 Nc6 3. Bb5 a6 4. Ba4 Nf6 5. O-O Be7 6. d3 b5 7. Bb3 d6 8. a3 O-O 9. Nc3 Na5 10. Ba2 Be6 11. Nd5 Nxd5 12. exd5 Bg4 13. b4 Nb7 14. h3 Bh5 15. Re1 f5 16. Bb2 Kh8 17. c4 Bf6 18. g4 fxg4 19. Nh2 Bh4 20. Nxg4 Bxf2+ 21. Kg2 Bxe1 22. Qxe1 Bxg4 23. hxg4 Qg5 24. Qg3 Qd2+ 0-1


[Site "https://www.chess.com"]

[Event "Titled Tuesday Blitz March 08 Late 2022"]
[White "Wartiovaara, Oliver"]
[Black "Martin Duque, Jesus"]
[WhiteFideId "513024"]
[BlackFideId "2208954"]
[WhiteElo "1971"]
[BlackElo "2243"]
[Result "0-1"]
[Round "01"]
[TimeControl "180+1"]
[Date "2022.03.09"]
[WhiteClock "0:01:38"]
[BlackClock "0:01:53"]

1. e4 c5 2. Nf3 b6 3. d4 cxd4 4. Nxd4 Bb7 5. Nc3 a6 6. Bg5 Qc7 7. Qd2 e6 8. a3 h6 9. Bh4 d6 10. Be2 Nd7 11. O-O-O Ngf6 12. Qe3 Be7 13. f4 Rc8 14. f5 e5 15. Nb3 Nxe4 16. Bxe7 Nxc3 17. Bxd6 Nxd1 18. Bxc7 Nxe3 0-1


[Site "https://www.chess.com"]

[Event "Titled Tuesday Blitz March 08 Late 2022"]
[White "Winkels, Marcel"]
[Black "Mogranzini, Roberto"]
[WhiteFideId "1003887"]
[BlackFideId "810894"]
[WhiteElo "1900"]
[BlackElo "2469"]
[Result "0-1"]
[Round "01"]
[TimeControl "180+1"]
[Date "2022.03.09"]
[WhiteClock "0:00:05"]
[BlackClock "0:01:50"]

1. e4 c5 2. Nf3 Nc6 3. Bb5 g6 4. O-O Bg7 5. Re1 Nf6 6. e5 Nd5 7. Nc3 Nc7 8. Bxc6 dxc6 9. Ne4 Ne6 10. d3 h6 11. Be3 b6 12. Qd2 g5 13. h3 Rg8 14. Nh2 Bh8 15. Ng4 h5 16. Nh2 g4 17. hxg4 hxg4 18. Qe2 Nd4 19. Bxd4 Qxd4 20. Kh1 Be6 21. c3 Qxe5 22. d4 cxd4 23. cxd4 Qh5 24. g3 Bd5 25. Kg1 O-O-O 26. a4 Bxd4 27. Qa6+ Kb8 28. a5 Rh8 29. axb6 Qxh2+ 30. Kf1 Qh1+ 31. Ke2 Qxe4+ 32. Kd1 Qf3+ 33. Kc1 Bxb6 34. Rxe7 Rh1+ 35. Kc2 Be4+ 0-1


[Site "https://www.chess.com"]

[Event "Titled Tuesday Blitz March 08 Late 2022"]
[White "Xiong, Jeffery"]
[Black "Krishnan, Varun"]
[WhiteFideId "2047640"]
[BlackFideId "5054508"]
[WhiteElo "2727"]
[BlackElo "2526"]
[Result "1-0"]
[Round "01"]
[TimeControl "180+1"]
[Date "2022.03.08"]
[WhiteClock "0:00:20"]
[BlackClock "0:00:04"]

1. e4 c5 2. Nc3 Nc6 3. Nf3 e6 4. d4 cxd4 5. Nxd4 Qc7 6. g4 a6 7. Bg2 b5 8. Be3 Bb7 9. a3 h6 10. Qe2 Nf6 11. h4 h5 12. Nxc6 Bxc6 13. gxh5 Nxh5 14. Nd5 Qe5 15. O-O-O exd5 16. exd5 Bb7 17. Rhe1 O-O-O 18. Qd2 Bxa3 19. Bd4 Qh2 20. Qc3+ Qc7 21. Qxa3 d6 22. Qe3 Qa5 23. Bb6 Qa1+ 24. Kd2 Qxb2 25. Rb1 Qf6 26. Bxd8 Rxd8 27. Rb4 g6 28. c4 bxc4 29. Rxc4+ Kb8 30. Rb1 Rd7 31. Bh3 Re7 32. Rc8# 1-0


[Site "https://www.chess.com"]

[Event "Titled Tuesday Blitz March 08 Late 2022"]
[White "Xu, Yi"]
[Black "Debray, Christopher"]
[WhiteFideId "8605564"]
[BlackFideId "630810"]
[WhiteElo "2471"]
[BlackElo "2393"]
[Result "1-0"]
[Round "01"]
[TimeControl "180+1"]
[Date "2022.03.08"]
[WhiteClock "0:00:06"]
[BlackClock "0:00:38"]

1. e4 c6 2. d4 d5 3. e5 c5 4. dxc5 e6 5. a3 Bxc5 6. Bd3 f5 7. Nf3 Ne7 8. b4 Bb6 9. Bb2 O-O 10. Nc3 h6 11. h4 Nbc6 12. Ne2 Bd7 13. Nf4 Qe8 14. h5 Nd8 15. c4 Nf7 16. c5 Bc7 17. Qe2 Ng5 18. Nh4 Ne4 19. Nhg6 Nxg6 20. Nxg6 Rf7 21. Rh3 a5 22. f3 Ng5 23. Rh1 axb4 24. axb4 Rxa1+ 25. Bxa1 b6 26. Bd4 Qb8 27. Kf2 Be8 28. Kg3 Rd7 29. c6 Rd8 30. b5 Bxg6 31. hxg6 Rf8 32. f4 Ne4+ 33. Bxe4 fxe4 34. Qg4 Qe8 35. Rh5 Qe7 36. Kh2 Ra8 37. Bf2 Rf8 38. Bh4 Qe8 39. Bf6 gxf6 40. Rxh6 Qe7 41. Rh7 f5 42. Qh5 1-0


[Site "https://www.chess.com"]

[Event "Titled Tuesday Blitz March 08 Late 2022"]
[White "Yuan, Qingyu"]
[Black "Moral Garcia, Serafin"]
[WhiteFideId "8609772"]
[BlackFideId "2201925"]
[WhiteElo "2359"]
[BlackElo "2228"]
[Result "1-0"]
[Round "01"]
[TimeControl "180+1"]
[Date "2022.03.08"]
[WhiteClock "0:00:11"]
[BlackClock "0:00:18"]

1. e4 e5 2. Nf3 Nc6 3. Bb5 a6 4. Ba4 Nf6 5. O-O Be7 6. Re1 b5 7. Bb3 d6 8. c3 O-O 9. h3 Na5 10. Bc2 c5 11. d4 Nd7 12. Nbd2 exd4 13. cxd4 Nc6 14. d5 Nce5 15. Nxe5 Nxe5 16. f4 Ng6 17. Nf3 Bh4 18. Rf1 Bg3 19. Nh2 Qh4 20. Qf3 f5 21. Bd2 fxe4 22. Bxe4 Bf5 23. Be1 Bxe1 24. Raxe1 Rae8 25. Ng4 Bxg4 26. hxg4 Nxf4 27. Bxh7+ Kxh7 28. Rxe8 Rxe8 29. Qxf4 Qh6 30. g5 Qg6 31. Rf3 Kg8 32. Kh2 c4 33. a3 Qh5+ 34. Rh3 Qg6 35. Qh4 Re5 36. Qh8+ Kf7 37. Qc8 Rxd5 38. Rf3+ Ke7 39. Qf8+ Kd7 40. Rf7+ Kc6 41. Qc8+ Kb6 42. Qc7# 1-0


[Site "https://www.chess.com"]

[Event "Titled Tuesday Blitz March 08 Late 2022"]
[White "Zakharov, Alexander S."]
[Black "Rastbod, Ali"]
[WhiteFideId "4120132"]
[BlackFideId "12567477"]
[WhiteElo "2324"]
[BlackElo "2632"]
[Result "0-1"]
[Round "01"]
[TimeControl "180+1"]
[Date "2022.03.09"]
[WhiteClock "0:00:07"]
[BlackClock "0:01:20"]

1. e4 e6 2. Nf3 d5 3. Nc3 Nf6 4. e5 Nfd7 5. d4 c5 6. dxc5 Nc6 7. Bf4 Nxc5 8. a3 Be7 9. h4 h6 10. Be2 a6 11. h5 d4 12. Nb1 b5 13. O-O Bb7 14. Re1 Rc8 15. c3 Na4 16. cxd4 Nxb2 17. Qb3 Na4 18. Rd1 Na5 19. Qa2 Bd5 20. Qd2 Nb3 21. Qe3 Nxa1 0-1


[Site "https://www.chess.com"]

[Event "Titled Tuesday Blitz March 08 Late 2022"]
[White "Zivkovic, Nemanja"]
[Black "Cupid, Kevin"]
[WhiteFideId "942154"]
[BlackFideId "7700512"]
[WhiteElo "2388"]
[BlackElo "2096"]
[Result "1-0"]
[Round "01"]
[TimeControl "180+1"]
[Date "2022.03.09"]
[WhiteClock "0:00:18"]
[BlackClock "0:00:15"]

1. e4 c6 2. d4 d5 3. e5 Bf5 4. Nf3 e6 5. Be2 c5 6. Be3 Nc6 7. Nc3 a6 8. O-O cxd4 9. Nxd4 Nxd4 10. Qxd4 Ne7 11. Bg5 Nc6 12. Qf4 Be7 13. Bxe7 Nxe7 14. Bd3 O-O 15. Ne2 Qc7 16. Bxf5 Nxf5 17. c3 Ne7 18. Qe3 Rac8 19. Rad1 Qa5 20. a3 Qb5 21. Rd2 Nf5 22. Qd3 Rc4 23. Ng3 Ne7 24. f4 Nc6 25. Re2 d4 26. cxd4 Nxd4 27. Ref2 Rd8 28. f5 Nc6 29. Qe2 Qxe5 30. Qxc4 Rd3 31. Qxd3 1-0


[Site "https://www.chess.com"]